 Dungeon Crawl Stone Soup version 0.17-a0-854-g4a4ba72 (webtiles) character file.

2473 FedoraBrony69 the Fighter (level 9, -2/127 HPs)
             Began as a Minotaur Berserker on Apr 28, 2015.
             Was a High Priest of Trog.
             Slain by Pikel
             ... wielding a +2 whip of electrocution
              (4 damage)
             ... on level 6 of the Dungeon.
             The game lasted 00:11:09 (4777 turns).

FedoraBrony69 the Fighter (Minotaur Berserker)      Turns: 4777, Time: 00:11:09

Health: -2/127     AC: 12    Str: 33    XL:     9   Next: 26%
Magic:  8/8        EV:  5    Int:  6    God:    Trog [*****.]
Gold:   239        SH: 18    Dex: 11    Spells: 0 memorised, 8 levels left

rFire  . . .     SeeInvis .     a - +0 mace
rCold  . . .     Clarity  .     D - +1 plate armour (curse)
rNeg   . . .     SustAb   .     l - +0 large shield
rPois  +         Gourm    .     (helmet restricted)
rElec  .         Spirit   .     (no cloak)
rCorr  .         Warding  .     (no gloves)
rMut   .         Stasis   .     (no boots)
MR     .....                    (no amulet)
Stlth  ..........               r - ring of stealth
                                x - +6 ring of strength

@: berserking (expiring), very quick, not resistant to hostile enchantments,
extremely unstealthy
A: retaliatory headbutt, horns 2, clever 1, sense surroundings 1, poison
resistance, spit poison 1, weak 1
a: Spit Poison, Burn Spellbooks, Berserk, Trog's Hand, Brothers in Arms,
Renounce Religion


You were on level 6 of the Dungeon.
You worshipped Trog.
Trog was extremely pleased with you.
You were not hungry.

You visited 1 branch of the dungeon, and saw 6 of its levels.
You also visited: Ossuary.

You collected 239 gold pieces.

Inventory:

Hand weapons
 a - a +0 mace (weapon)
Armour
 l - a +0 large shield (worn)
 D - a cursed +1 plate armour (worn)
Jewellery
 g - a cursed ring of fire
 r - a ring of stealth (right hand)
 x - a +6 ring of strength (left hand)
Magical devices
 C - a wand of draining (10)
Scrolls
 b - a scroll of amnesia
 d - a scroll of enchant weapon {unknown}
 e - 2 scrolls of enchant armour
 h - 2 scrolls of teleportation
 n - 3 scrolls of remove curse
 q - 4 scrolls of random uselessness {unknown}
 u - a scroll of recharging {unknown}
 w - 4 scrolls of identify {unknown}
 y - a scroll of magic mapping {unknown}
 B - a scroll of fear {unknown}
 E - 3 scrolls of blinking {unknown}
Potions
 f - 2 potions of lignification {unknown}
 j - 5 potions of curing {unknown}
 k - 5 potions of restore abilities {unknown}
 o - a potion of agility {unknown}
 s - a potion of magic {unknown}
 t - 2 potions of cancellation {unknown}
 z - a potion of invisibility {unknown}
 A - 2 potions of might {unknown}
 F - a potion of brilliance {unknown}
 G - a potion of haste {unknown}
 H - 2 potions of cure mutation {unknown}
 I - a potion of mutation {unknown}
Comestibles
 c - 2 bread rations
 m - 3 royal jellies
 p - 2 meat rations
 v - 9 fruits


   Skills:
 + Level 9.8 Fighting
 + Level 9.7 Maces & Flails
 - Level 2.4 Armour
 - Level 2.1 Dodging
 * Level 7.6 Shields


You had 8 spell levels left.
You didn't know any spells.

Dungeon Overview and Level Annotations

Branches:
Dungeon (6/15)             Temple (0/1) D:4

Altars:
Ashenzari
Nemelex Xobeh
Okawaru
Qazlal
Sif Muna
Zin

Shops:
D:5 *

Annotations:
D:6 Pikel


Innate Abilities, Weirdness & Mutations

You reflexively headbutt those who attack you in melee.
You have a pair of horns on your head.
Your mind is acute. (Int +2)
You passively map a small area around you.
Your system is resistant to poisons.
You can spit weak poison.
You are weak. (Str -2)


Message History

The slave hits you.
* * * LOW HITPOINT WARNING * * *
You thump Pikel! You headbutt Pikel!
Pikel is almost dead.
You block Pikel's attack.
You hit Pikel. You headbutt Pikel.
Pikel is almost dead.
You block the slave's attack. You block the rat's attack.
The slave hits you but does no damage. The slave hits you.
* * * LOW HITPOINT WARNING * * *
You block Pikel's attack.
Your shield prevents you from hitting Pikel.
Your headbutt misses Pikel.
Pikel is almost dead.
The slave hits you.
* * * LOW HITPOINT WARNING * * *
You block the rat's attack. The slave barely misses you.
You furiously retaliate!
You headbutt the slave!
Pikel hits you with a whip of electrocution.
You die...

#.. , #..... , *,
#...#.# , , #.......
* * * #....(... *
####........
####.........., * ,
.###....prp..####* ,
........p@).....# ,
......####K####.# *
, ...,,##.....##.# .
#.......#.# * ,
#.......#.#
......_.....# ##
..#.......#.##.# . ,
,
.#.......#....##....
##.....##........#.#


You could see Pikel (berserk), 3 slaves and a rat.

Vanquished Creatures
  The ghost of FedoraBrony69 the Basher, an experienced MiBe of Trog (D:5)
  2 ice beasts (D:6)
  A phantom (D:6)
  A black bear (D:4)
  A slave (D:6)
  An orc warrior (D:6)
  A sky beast (D:4)
  3 ogres
  4 water moccasin zombies (Ossuary)
  2 crimson imps (D:5)
  2 hounds
  5 orc priests
  A human zombie (D:6)
  A giant frog skeleton (D:5)
  A human skeleton (D:6)
  8 orc wizards
  Terence (D:2)
  2 worker ants
  An iguana (D:5)
  A big kobold zombie (Ossuary)
  2 mummies (Ossuary)
  3 gnolls (D:4)
  A shadow imp (D:6)
  3 adders
  An ooze (D:3)
  4 adder zombies (Ossuary)
  A worm (D:2)
  2 giant geckos
  18 orcs
  A bat skeleton (D:3)
  8 giant cockroaches
  11 hobgoblins
  7 jackals
  3 quokkas
  2 ball pythons
  15 bats
  9 giant newts
  13 goblins
  3 hobgoblin zombies (Ossuary)
  14 kobolds
  7 kobold zombies (Ossuary)
  An orc skeleton (D:6)
  5 orc zombies
  4 rats
178 creatures vanquished.

Notes
Turn   | Place    | Note
--------------------------------------------------------------
     0 | D:1      | FedoraBrony69, the Minotaur Berserker, began the quest for the Orb.
     0 | D:1      | Reached XP level 1. HP: 19/19 MP: 0/0
   424 | D:1      | Reached skill level 4 in Fighting
   480 | D:1      | Reached XP level 2. HP: 22/27 MP: 1/1
   551 | D:1      | You fall through a shaft!
  1174 | D:2      | Noticed Terence
  1185 | D:2      | Killed Terence
  1185 | D:2      | Reached XP level 3. HP: 32/34 MP: 2/2
  1192 | D:2      | Acquired Trog's second power
  1311 | D:2      | Found an iron altar of Okawaru.
  1610 | D:2      | Reached skill level 5 in Fighting
  1615 | D:2      | Reached XP level 4. HP: 33/42 MP: 3/3
  1711 | D:2      | Found a deep blue altar of Sif Muna.
  1781 | D:2      | Found a glowing silver altar of Zin.
  1802 | D:2      | Found a shattered altar of Ashenzari.
  1880 | D:3      | Reached skill level 5 in Maces & Flails
  2134 | D:3      | Reached XP level 5. HP: 42/49 MP: 4/4
  2560 | D:4      | Reached skill level 6 in Fighting
  2562 | D:4      | Reached XP level 6. HP: 42/58 MP: 5/5
  2575 | D:4      | Acquired Trog's third power
  2672 | D:4      | Noticed a black bear
  2681 | D:4      | Killed a black bear
  2681 | D:4      | Reached skill level 7 in Fighting
  2900 | D:4      | Noticed a sky beast
  2908 | D:4      | Killed a sky beast
  2908 | D:4      | Reached XP level 7. HP: 66/66 MP: 6/6
  2928 | D:4      | Gained mutation: Your mind is acute. (Int +2) [mutagenic meat]
  2929 | D:4      | Gained mutation: Your system is resistant to poisons. [mutagenic meat]
  2930 | D:4      | Gained mutation: You are weak. (Str -2) [mutagenic meat]
  2931 | D:4      | Gained mutation: You can spit weak poison. [mutagenic meat]
  2932 | D:4      | Gained mutation: You passively map a small area around you. [mutagenic meat]
  3206 | D:4      | Found a staircase to the Ecumenical Temple.
  3207 | D:4      | Reached skill level 8 in Fighting
  3385 | D:5      | Entered Level 5 of the Dungeon
  3483 | D:5      | Found Vurphaubb's Elemental Accessories.
  3613 | D:5      | Reached skill level 1 in Shields
  3672 | D:5      | Noticed FedoraBrony69's ghost (experienced MiBe)
  3682 | D:5      | Killed FedoraBrony69's ghost
  3682 | D:5      | Reached skill level 9 in Fighting
  3682 | D:5      | Reached XP level 8. HP: 78/78 MP: 7/7
  3863 | D:5      | Reached skill level 5 in Shields
  4084 | D:6      | Found a sparkling altar of Nemelex Xobeh.
  4139 | D:6      | Received a gift from Trog
  4204 | D:6      | Reached XP level 9. HP: 57/84 MP: 8/8
  4238 | D:6      | Found a sand-covered staircase.
  4257 | Ossuary  | Entered an ossuary
  4730 | D:6      | Found a stormy altar of Qazlal.
  4740 | D:6      | Noticed Pikel
  4777 | D:6      | HP: 2/127 [slave[Pikel] (6)]
  4777 | D:6      | Slain by Pikel

Action                   |  1- 3 |  4- 6 |  7- 9 || total
-------------------------+-------+-------+-------++-------
Melee: Mace              |   120 |   113 |   299 ||   532
Invok: Berserk           |     1 |     3 |     3 ||     7
       Trog's Hand       |       |       |     1 ||     1
  Use: Scroll            |       |       |     4 ||     4
  Eat: Chunk             |     2 |     6 |    12 ||    20
       Beef jerky        |       |     1 |     1 ||     2
       Pizza             |       |       |     1 ||     1
